 Dungeon Crawl Stone Soup version 0.31-a0-344-gd109795599 (webtiles) character file.

Game seed: 10595694801389895123

76 AIAndy the Ruffian (level 4, -3/28 HPs)
             Began as an Octopode Shapeshifter on July 22, 2023.
             Slain by a gnoll
             ... wielding a +0 spear
              (4 damage)
             ... on level 2 of the Dungeon.
             The game lasted 00:02:37 (1163 turns).

AIAndy the Ruffian (Octopode Shapeshifter)          Turns: 1163, Time: 00:02:38

Health: -3/28      AC:  1    Str: 16    XL:     4   Next: 32%
Magic:  4/4        EV: 13    Int: 10    God:
Gold:   93         SH:  0    Dex: 12    Spells: 3/3 levels left

rFire   . .          .
                       - Unarmed
rCold   . . .        (no shield)
rNeg    . . .        (helmet currently unavailable)
rPois   .            (no amulet)
rElec   .            (no ring)
rCorr   .            (no ring)
SInv    .            (no ring)
Will    .....        (no ring)
Stlth   ++           (no ring)
HPRegen 0.24/turn    (no ring)
MPRegen 0.09/turn    (no ring)
                     (no ring)

%: no passive effects
@: beast-form
A: beast (slay +2), almost no armour, amphibious, 8 rings, camouflage 1,
gelatinous body 1, (nimble swimmer 1), tentacles
a: Begin Untransformation


You were on level 2 of the Dungeon.
You were a hulking beast.
You visited 1 branch of the dungeon, and saw 2 of its levels.

You collected 93 gold pieces.


Innate Abilities, Weirdness & Mutations

You are a hulking beast.
Your limbs bulge with bestial killing power. (Slay +2)
You cannot wear most types of armour.
You are amphibious.
You can wear up to eight rings at the same time.
Your skin changes colour to match your surroundings (Stealth+).
Your rubbery body absorbs attacks. (AC +1, EV +1)
((You are camouflaged when in or above water. (Stealth+)))
You have tentacles for arms and can constrict up to eight enemies at once.


   Skills:
 - Level 1.0 Fighting
 - Level 2.0 Dodging
 + Level 5.0 Unarmed Combat
 - Level 3.0 Shapeshifting


You had 3 spell levels left.
You didn't know any spells.
Your spell library was empty.

Inventory:

Talismans
 b - a beast talisman
Scrolls
 e - a scroll of revelation {unknown}
 f - 2 scrolls of identify {unknown}
Potions
 a - a potion of lignification {!q}
 c - a potion of heal wounds {unknown}
 d - a potion of haste {unknown}
 g - 2 potions of curing {unknown}

Dungeon Overview and Level Annotations

Branches:
Dungeon (2/15)

Altars:

#. #.# #.#
####..
#####... .####
#..)...# #...#
#......###...#
#...>.rgh'[..#
#......###...#
#......#
#...###
#......#
###...#
#......#
###.###
#.....[# #...#
#......# #...#
#......#
#...## #....#


You could see a gnoll and a rat.


Message History

Your grab misses the hobgoblin. The hobgoblin completely misses you.
You tentacle-slap the hobgoblin.
You kill the hobgoblin!
Okay, then.
Okay, then.
Unknown command.
You tentacle-slap the gnoll. Your grab misses the gnoll. You squeeze the gnoll!
The gnoll is almost dead.
You tentacle-slap the gnoll.
You kill the gnoll!
A rat comes into view.
You have reached level 4!
You completely miss the gnoll. You grab the gnoll.
The gnoll is moderately wounded.
You constrict the gnoll.
The gnoll hits you from afar with a +0 spear.
* * * LOW HITPOINT WARNING * * *
The gnoll hits you with a +0 whip.
* * * LOW HITPOINT WARNING * * *
You bludgeon the gnoll!
You kill the gnoll!
The gnoll closely misses you.
Your Unarmed Combat skill increases to level 5!
The gnoll hits you with a +0 spear.
* * * LOW HITPOINT WARNING * * *
Items here: )) ††.
You tentacle-slap the gnoll. You grab the gnoll.
The gnoll is heavily wounded.
You constrict the gnoll. The gnoll hits you with a +0 spear.
You die...

Skill      XL: |  1  2  3  4 |
---------------+-------------+-----
Unarmed Combat | 4 5 |  5.0
Fighting       | |  1.0
Dodging        | |  2.0
Shapeshifting  | |  3.0

Action                     |  1- 3 |  4- 6 || total
---------------------------+-------+-------++-------
  Melee: Unarmed           |    81 |     3 ||    84
         Constrict         |    16 |     2 ||    18
         Tentacles         |    11 |       ||    11
         Punch             |     2 |       ||     2
   Stab: Sleeping          |     8 |       ||     8
 Armour: Skin              |     5 |       ||     5
  Dodge: Dodged            |    47 |     1 ||    48

Levels and vault maps discovered:
D:1:      nagdon_arrival_double_spiral, layout_loops_ring
D:2:      layout_basic

Notes
Turn   | Place    | Note
-------+----------+-------------------------------------------
     0 | D:1      | AIAndy the Octopode Shapeshifter began the quest for the
                  | Orb.
     0 | D:1      | Reached XP level 1. HP: 13/13 MP: 1/1
   152 | D:1      | Reached XP level 2. HP: 4/18 MP: 2/2
   303 | D:1      | Reached skill level 4 in Unarmed Combat
   382 | D:1      | Reached XP level 3. HP: 23/23 MP: 3/3
  1160 | D:2      | Reached XP level 4. HP: 13/28 MP: 4/4
  1162 | D:2      | Reached skill level 5 in Unarmed Combat
  1162 | D:2      | HP: 1/28 [gnoll/+0 spear (6)]
  1163 | D:2      | Slain by a gnoll

Vanquished Creatures
  2 gnolls (D:2)
  A worm (D:2)
  A dart slug (D:1)
  4 ball pythons
  2 bats
  6 endoplasms
  A goblin (D:2)
  5 hobgoblins
  12 jackals
  3 quokkas (D:1)
  4 frilled lizards
  A kobold (D:1)
  3 rats
45 creatures vanquished.

Table legend: (Time is in decaauts)
 A = Elapsed time spent in this place.
 B = Non-inter-level travel time spent in this place.
 C = Inter-level travel time spent in this place.
 D = Time resting spent in this place.
 E = Time spent auto-exploring this place.
 F = Levels seen in this place.
 G = Mean time per level.
                   A        B        C        D        E       F      G
               +--------+--------+--------+--------+--------+-----+--------+
         Total |   1156 |   1084 |     72 |      0 |    863 |   2 |  578.0 |
       Dungeon |   1156 |   1084 |     72 |      0 |    863 |   2 |  578.0 |
               +--------+--------+--------+--------+--------+-----+--------+

Top non-repeatable levels by time:
     D:1: 973 daAuts
     D:2: 183 daAuts

Table legend:
 A = Non-vault XP
 B = Vault XP
 C = Vault XP percentage of total XP
 D = Non-vault monster count
 E = Vault monster count
 F = Vault count percentage of total count
                 A         B        C        D         E       F
            +---------+---------+-------+---------+---------+-------
      Total |     109 |       0 |   0.0 |      45 |       0 |   0.0
            +---------+---------+-------+---------+---------+-------
        D:1 |      53 |       0 |   0.0 |      29 |       0 |   0.0
        D:2 |      56 |       0 |   0.0 |      16 |       0 |   0.0
            +---------+---------+-------+---------+---------+-------
